 Dungeon Crawl Stone Soup version 0.21.1-1-g345015f (webtiles) character file.

161 Mirai the Skirmisher (level 5, -1/42 HPs)
             Began as a Demonspawn Fighter on Mar 7, 2018.
             Was an Initiate of Qazlal.
             Succumbed to jazmu's ghost's poison
             ... on level 4 of the Dungeon.
             The game lasted 00:08:39 (2362 turns).

Mirai the Skirmisher (Demonspawn Fighter)           Turns: 2362, Time: 00:08:40

Health: -1/42      AC:  1    Str: 22    XL:     5   Next: 19%
Magic:  14/14      EV:  9    Int: 15    God:    Qazlal [......]
Gold:   179        SH:  9    Dex: 12    Spells: 4/4 levels left

rFire    . . .     SeeInvis .   a - +0 war axe
rCold    . . .     Gourm    .   c - +0 shield
rNeg     . . .     Faith    .   r - -2 robe (curse)
rPois    .         Spirit   .   (helmet restricted)
rElec    .         Reflect  .   (no cloak)
rCorr    .         Harm     .   l - +0 pair of gloves
MR       .....                  (no boots)
Stlth    +.........             (no amulet)
HPRegen  0.14/turn              i - ring of magical power
MPRegen  0.14/turn              (no ring)

@: mighty, brilliant, lethally poisoned (-1 -> -23)
A: antennae 1, demonic guardian 1
a: Renounce Religion


You were on level 4 of the Dungeon.
You worshipped Qazlal.
Qazlal was noncommittal.
You were not hungry.

You visited 1 branch of the dungeon, and saw 4 of its levels.

You collected 179 gold pieces.

Inventory:

Hand Weapons
 a - a +0 war axe (weapon)
Missiles
 e - 101 stones (quivered)
Armour
 c - a +0 shield (worn)
 l - a +0 pair of gloves (worn)
 o - a +0 plate armour
 r - a cursed -2 robe (worn)
Jewellery
 i - a ring of magical power (left hand)
Scrolls
 g - 3 scrolls of magic mapping {unknown}
 h - 3 scrolls of identify {unknown}
 k - 2 scrolls of teleportation {unknown}
 p - 2 scrolls of amnesia {unknown}
Potions
 d - 2 potions of might
 n - a potion of invisibility {unknown}
 q - a potion of flight {unknown}
Books
 j - a book of Minor Magic

   Spells                             Type                      Level
   a - Magic Dart                     Conjuration                  1
   b - Blink                          Translocation                2
   c - Call Imp                       Summoning                    2
   d - Slow                           Hexes                        2
   e - Conjure Flame                  Conjuration/Fire             3
   f - Mephitic Cloud                 Conjuration/Poison/Air       3
Comestibles
 f - 4 rations


   Skills:
 + Level 3.7 Fighting
 + Level 3.5 Axes
 + Level 3.3 Armour
 + Level 3.3 Shields


You had 4 spell levels left.
You didn't know any spells.

Dungeon Overview and Level Annotations

Branches:
Dungeon (4/15)
 Temple: D:4-7

Altars:
Dithmenos
Gozag
Qazlal

Annotations:
D:4 jazmu's ghost, amateur DsFE


Innate Abilities, Weirdness & Mutations

You have a pair of small antennae on your head.
A weak demonic guardian rushes to your aid.


Message History

Your iron imp hits jazmu's ghost.
Your quasit barely misses jazmu's ghost. x2
Your quasit misses jazmu's ghost.
You feel sick.
Your quasit closely misses jazmu's ghost.
Your quasit claws jazmu's ghost but does no damage.
Your quasit closely misses jazmu's ghost.
You feel sick.
Your iron imp disappears in a puff of smoke!
Jazmu's ghost casts a spell at you. The flame tongue hits you!
* * * LOW HITPOINT WARNING * * *
Your quasit bites jazmu's ghost but does no damage.
Your quasit claws jazmu's ghost.
Your quasit claws jazmu's ghost but does no damage.
* * * LOW HITPOINT WARNING * * *
You feel sick.
It was a potion of brilliance.
You feel clever all of a sudden.
You die...

........####............#........
........# #............#.......#
........# #............#......##
#..###### #...........#......##
#..# #...........#....### ##.#
#............#####
#######################.#
....................ยง...#
..#..#..#..#..#.@#{.#...#
........................#
..#..#..#..#..#..#..#..##
........................##
#######################..#
......#.....>## #.........
.........##...###..........
....#.#######............ ####..#
###..........


There were no monsters in sight!

Vanquished Creatures
  An orc wizard (D:3)
  Robin (D:2)
  An adder (D:4)
  2 oozes
  A worm (D:2)
  4 dart slugs
  A leopard gecko (D:2)
  6 orcs
  3 ball pythons
  15 bats
  21 goblins
  6 hobgoblins
  10 kobolds
  2 frilled lizards
  9 rats
83 creatures vanquished.

Notes
Turn   | Place    | Note
-------+----------+-------------------------------------------
     0 | D:1      | Mirai the Demonspawn Fighter began the quest for the Orb.
     0 | D:1      | Reached XP level 1. HP: 18/18 MP: 1/1
   156 | D:1      | Gained mutation: You have a pair of small antennae on your head. [demonic ancestry]
   156 | D:1      | Reached XP level 2. HP: 17/24 MP: 2/2
   495 | D:1      | Reached XP level 3. HP: 29/29 MP: 3/3
  1011 | D:2      | Noticed Robin
  1018 | D:2      | Gained mutation: A weak demonic guardian rushes to your aid. [demonic ancestry]
  1018 | D:2      | Reached XP level 4. HP: 21/35 MP: 4/4
  1022 | D:2      | Killed Robin
  1046 | D:2      | HP: 1/35 [poisoned by Robin]
  1377 | D:2      | Found an opulent altar of Gozag.
  1714 | D:3      | Reached XP level 5. HP: 36/41 MP: 5/5
  1885 | D:3      | Found a stormy altar of Qazlal.
  1886 | D:3      | Noticed an air elemental
  1888 | D:3      | Noticed a water elemental
  1888 | D:3      | Noticed a fire elemental
  1893 | D:3      | Became a worshipper of Qazlal Stormbringer
  2005 | D:3      | Found a faded altar of an unknown god.
  2295 | D:4      | Found a shadowy altar of Dithmenos.
  2347 | D:4      | Noticed jazmu's ghost (amateur DsFE)
  2361 | D:4      | HP: 1/42 [poisoned by jazmu's ghost]
  2362 | D:4      | Succumbed to jazmu's ghost's poison

Skill      XL: |  1  2  3  4 |
---------------+-------------+-----
Axes           | 2 3 |  3.5
Armour         | 3 |  3.3
Shields        | 3 |  3.3
Fighting       | |  3.7

Action                   |  1- 3 |  4- 6 || total
-------------------------+-------+-------++-------
Melee: War axe           |   121 |    95 ||   216
  Use: Potion            |     1 |     4 ||     5
  Eat: Chunk             |     1 |     4 ||     5
Armor: Scale mail        |    96 |    19 ||   115
       Plate armour      |       |    34 ||    34
Dodge: Dodged            |    43 |    17 ||    60
Block: Shield            |    88 |    45 ||   133
